 Dungeon Crawl Stone Soup version 0.31-a0-986-g5e6e4ef867 (webtiles) character file.

Game seed: 9948407684876592670

336 DocClef the Ruffian (level 6, -4/59 HPs)
             Began as a Troll Shapeshifter on Nov 18, 2023.
             Was an Initiate of Okawaru.
             Slain by a sixfirhy (9 damage)
             ... on level 2 of the Abyss.
             The game lasted 00:03:10 (2323 turns).

DocClef the Ruffian (Troll Shapeshifter)            Turns: 2323, Time: 00:03:11

Health: -4/59      AC:  4    Str: 25    XL:     6   Next: 28%
Magic:  0/5        EV: 10    Int:  6    God:    Okawaru [......]
Gold:   246        SH:  0    Dex:  9    Spells: 5/5 levels left

rFire   . .          .
                       - Unarmed
rCold   . . .        (no shield)
rNeg    . . .        a - +0 animal skin
rPois   .            (helmet currently unavailable)
rElec   .            (cloak currently unavailable)
rCorr   .            (gloves unavailable)
SInv    .            (boots unavailable)
Will    +....        m - amulet of guardian spirit
Stlth   +            g - ring of willpower
HPRegen 1.09/turn    (no ring)
MPRegen 0.09/turn

%: guardian spirit
@: beast-form
A: beast (slay +2), large, unfitting armour, claws 3, regeneration 1, shaggy fur
1, tough skin 1
a: Begin Untransformation, Renounce Religion


You were on level 2 of the Abyss.
You worshipped Okawaru.
Okawaru was noncommittal.
You were a hulking beast.
You visited 2 branches of the dungeon, and saw 5 of its levels.
You visited the Abyss 1 time.

You collected 246 gold pieces.

Inventory:

Armour
 a - a +0 animal skin (worn)
Jewellery
 g - a ring of willpower (left claw)
 m - an amulet of guardian spirit (around neck)
Talismans
 c - a beast talisman
 d - a flux talisman
 p - a serpent talisman
Wands
 n - a wand of light (4)
 q - a wand of charming (10)
Scrolls
 h - a scroll of blinking {unknown}
 k - a scroll of teleportation {unknown}
 l - a scroll of immolation {unknown}
 o - a scroll of identify {unknown}
Potions
 b - a potion of lignification
 e - a potion of heal wounds {unknown}
 f - a potion of mutation {unknown}
 i - 2 potions of curing {unknown}
 j - 3 potions of berserk rage {unknown}
 r - a potion of enlightenment {unknown}


   Skills:
 + Level 2.6 Fighting
 + Level 3.0 Dodging
 + Level 4.3 Unarmed Combat
 + Level 4.1 Shapeshifting


You had 5 spell levels left.
You didn't know any spells.
Your spell library was empty.

Dungeon Overview and Level Annotations

Branches:
Dungeon (4/15)             Temple (1/1) D:4

Altars:
Ashenzari
Cheibriados
Dithmenos
Elyvilon
Gozag
Hepliaklqana
Kikubaaqudgha
Makhleb
Nemelex Xobeh
Okawaru
Qazlal
Ru
Trog
Uskayaw
Vehumet
Zin
The Shining One

Annotations:
D:4 Edmund


Innate Abilities, Weirdness & Mutations

You are a hulking beast.
Your limbs bulge with bestial killing power. (Slay +2)
You are too large for most types of armour.
You have claws for hands.
Your natural rate of healing is unusually fast.
You are covered in fur. (AC +1)
You have tough skin. (AC +1)


Message History

Edmund is moderately wounded.
Edmund hits you with a +4 flail of distortion!
You are cast into the Abyss!
This branch contains the abyssal rune of Zot.
Unknown command.
A spatial maelstrom comes into view.
The shadow imp shouts!
The shadow imp gestures at you. You resist with some effort.
The spatial maelstrom hits you.
You blink. 2 spatial vortices come into view.
Unknown command.
You claw the spatial maelstrom!
The spatial maelstrom is lightly damaged.
The spatial maelstrom hits you. Space warps around you.
The spatial maelstrom hits you! Space warps around you.
The shadow imp gestures at you. You resist with some effort.
You scratch the spatial maelstrom.
The spatial maelstrom is lightly damaged.
The spatial maelstrom misses you. The spatial maelstrom hits you!
You are cast deeper into the Abyss!
You plunge deeper into the Abyss.
Unknown command.
Found a corrupted altar of Lugonu.
You enter the shallow water.
A sixfirhy comes into view.
The sixfirhy hits you! The sixfirhy shocks you! The sixfirhy barely misses you.
The sixfirhy hits you but does no damage.
You miss the sixfirhy. You barely miss the sixfirhy.
Your claw misses the sixfirhy. You scratch the sixfirhy.
The sixfirhy is lightly wounded.
The sixfirhy hits you. The sixfirhy shocks you! The sixfirhy hits you.
* * * LOW HITPOINT WARNING * * *
The sixfirhy shocks you!
* * * LOW HITPOINT WARNING * * *
The sixfirhy hits you but does no damage.
The sixfirhy hits you!
You die...

. .# ## ##.##.
....## #....#
###.
#..#.##......
#.....#.... #3##
#..# #h.#.. ###
##...###.#
#.#.#.#.#...# #
#.###....##. # #
..
#.#...#####.##.~
### #. ..... #
.. ♣ ##.#.#..##
..# ≈ ..#
.#.#...... ~
..##.##.#......
~


You could see a sixfirhy.

Vanquished Creatures
  A phantom (D:3)
  A hound (D:3)
  Terence (D:2)
  2 iguanas (D:4)
  Ijyb (D:4)
  4 gnolls (D:2)
  2 adders (D:2)
  3 worms (D:2)
  A dart slug (D:2)
  6 endoplasms
  5 giant cockroaches
  A goblin (D:2)
  6 hobgoblins
  3 jackals (D:2)
  4 quokkas
  4 ball pythons
  9 bats
  4 frilled lizards
  8 kobolds
  5 rats
71 creatures vanquished.

Notes
Turn   | Place    | Note
-------+----------+-------------------------------------------
     0 | D:1      | DocClef the Troll Shapeshifter began the quest for the Orb.
     0 | D:1      | Reached XP level 1. HP: 18/18 MP: 0/0
    54 | D:1      | Reached skill level 1 in Fighting
    72 | D:1      | Reached XP level 2. HP: 27/27 MP: 1/1
   858 | D:2      | Reached XP level 3. HP: 31/33 MP: 2/2
   882 | D:2      | Noticed Terence
   886 | D:2      | Reached XP level 4. HP: 31/42 MP: 3/3
   894 | D:2      | Killed Terence
  1033 | D:2      | Reached XP level 5. HP: 49/49 MP: 4/4
  1550 | D:3      | Noticed a phantom
  1551 | D:3      | Found a shadowy altar of Dithmenos.
  1554 | D:3      | Killed a phantom
  1562 | D:3      | Found a broken altar of Ashenzari.
  1562 | D:3      | Found a stormy altar of Qazlal.
  1573 | D:3      | Found a white marble altar of Elyvilon.
  1576 | D:3      | Found a snail-covered altar of Cheibriados.
  1835 | D:3      | Found a faded altar of an unknown god.
  2021 | D:4      | Found a burning altar of Makhleb.
  2036 | D:4      | Found an ancient bone altar of Kikubaaqudgha.
  2073 | D:4      | Found a staircase to the Ecumenical Temple.
  2076 | D:4      | Noticed Ijyb
  2106 | D:4      | Killed Ijyb
  2107 | D:4      | Reached XP level 6. HP: 59/59 MP: 5/5
  2130 | Temple   | Entered the Ecumenical Temple
  2145 | Temple   | Became a worshipper of Warmaster Okawaru
  2248 | D:4      | Noticed Edmund
  2254 | Abyss:1  | Cast into level 1 of the Abyss (Edmund)
  2287 | Abyss:1  | Noticed a spatial maelstrom
  2291 | Abyss:1  | Noticed a spatial vortex
  2291 | Abyss:1  | Noticed a spatial vortex
  2296 | Abyss:2  | Found a corrupted altar of Lugonu.
  2317 | Abyss:2  | Noticed a sixfirhy
  2323 | Abyss:2  | Slain by a sixfirhy

Illustrated notes

Levels and vault maps discovered:
D:1:      matt_arrival_spirals, layout_loops_ring, minmay_misc_feat_diagonals
D:2:      layout_basic, minivault_24, uniq_terence
D:3:      layout_loops_ring, minmay_overflow_temple_star_hex,
          dilly_ecumenical_altar_fadedgnrine
D:4:      layout_basic, lemuel_doored_altar, bloody_makhleb,
          minmay_temple_entry_gardened_gates, nicolae_specific_store,
          uniq_edmund, uniq_ijyb
Temple:   compressed_dpeg_circular_temple
Abyss:2:  base: D:1, base: D:3, base: D:1, due_exit_kobolds

Skill      XL: |  1  2  3  4  5  6 |
---------------+-------------------+-----
Fighting       | 1 2 |  2.6
Dodging        | 2 3 |  3.0
Unarmed Combat | 4 |  4.3
Shapeshifting  | 4 |  4.1

Action                     |  1- 3 |  4- 6 || total
---------------------------+-------+-------++-------
  Melee: Unarmed           |    80 |   103 ||   183
         Punch             |     1 |     5 ||     6
   Stab: Sleeping          |     1 |     2 ||     3
 Armour: Animal skin       |    45 |    47 ||    92
  Dodge: Dodged            |    39 |    41 ||    80

Table legend: (Time is in decaauts)
 A = Elapsed time spent in this place.
 B = Non-inter-level travel time spent in this place.
 C = Inter-level travel time spent in this place.
 D = Time resting spent in this place.
 E = Time spent auto-exploring this place.
 F = Levels seen in this place.
 G = Mean time per level.
                   A        B        C        D        E       F      G
               +--------+--------+--------+--------+--------+-----+--------+
         Total |   2310 |   2152 |    158 |      0 |   1666 |   7 |  330.0 |
       Dungeon |   2211 |   2081 |    130 |      0 |   1666 |   4 |  552.8 |
        Temple |     30 |      2 |     28 |      0 |      0 |   1 |   30.0 |
         Abyss |     68 |     68 |      0 |      0 |      0 |   2 |   34.0 |
               +--------+--------+--------+--------+--------+-----+--------+

Top non-repeatable levels by time:
     D:1: 785 daAuts
     D:3: 648 daAuts
     D:2: 571 daAuts
     D:4: 206 daAuts
 Abyss:1: 40 daAuts
  Temple: 30 daAuts
 Abyss:2: 27 daAuts
